 Dungeon Crawl Stone Soup version 0.21-a0-286-g6fcecc0 (webtiles) character file.

31 Hasart the Ruffian (level 3, -1/31 HPs)
             Began as a Ghoul Monk on Sept 28, 2017.
             Slain by a worm (9 damage)
             ... on level 2 of the Dungeon.
             The game lasted 00:02:11 (812 turns).

Hasart the Ruffian (Ghoul Monk)                      Turns: 812, Time: 00:02:13

Health: -1/31      AC:  3    Str: 15    XL:     3   Next: 22%
Magic:  2/2        EV: 13    Int:  5    God:
Gold:   92         SH:  0    Dex: 11    Spells: 2/2 levels left

rFire    . . .     SeeInvis .     - Unarmed
rCold    + . .     Gourm    .   (no shield)
rNeg     + + +     Faith    .   a - +0 robe
rPois    ∞         Spirit   .   (no helmet)
rElec    .         Reflect  .   (no cloak)
rCorr    .         Harm     .   e - +0 pair of gloves
MR       .....                  (no boots)
Stlth    ++........             g - amulet of regeneration
HPRegen  0.00/turn              (no ring)
MPRegen  0.08/turn              (no ring)

@: rotting
A: rotting body, claws 1, carnivore 3, cold resistance 1, negative energy
resistance 3, inhibited regeneration, torment resistance, unbreathing
a: no special abilities


You were on level 2 of the Dungeon.
You were not hungry.

You visited 1 branch of the dungeon, and saw 2 of its levels.

You collected 92 gold pieces.

Inventory:

Armour
 a - a +0 robe (worn)
 e - a +0 pair of gloves (worn)
Jewellery
 g - an amulet of regeneration (around neck)
Scrolls
 c - 2 scrolls of identify {unknown}
 d - a scroll of enchant weapon {unknown}
 k - a scroll of recharging {unknown}
 l - 2 scrolls of remove curse {unknown}
Potions
 h - a potion of brilliance {unknown}
 i - a potion of cancellation {unknown}
Comestibles
 b - a meat ration
 f - 2 chunks of flesh
 j - a royal jelly


   Skills:
 + Level 3.4 Fighting
 + Level 1.0 Armour
 + Level 2.9 Dodging
 - Level 2.1 Stealth
 * Level 3.9 Unarmed Combat


You had 2 spell levels left.
You didn't know any spells.

Dungeon Overview and Level Annotations

Branches:
Dungeon (2/15)

Altars:


Innate Abilities, Weirdness & Mutations

Your body is rotting away.
You thrive on raw meat.
You are immune to poison.
You have sharp fingernails.
You are carnivorous and can eat meat at any time.
Your flesh is cold resistant. (rC+)
You are immune to negative energy. (rN+++)
You do not regenerate when monsters are visible.
You are immune to unholy pain and torment.
You can survive without breathing.


Message History

The worm bites you.
You see here a hobgoblin corpse.
You hit the worm.
The worm is moderately wounded.
You hit the worm but do no damage.
The worm is moderately wounded.
The worm closely misses you.
You hit the worm.
The worm is moderately wounded.
You hit the worm.
The worm is heavily wounded.
The worm bites you!
* * * LOW HITPOINT WARNING * * *
You are too injured to fight recklessly!
You are too injured to fight recklessly!
You are too injured to fight recklessly!
You hit the worm.
The worm is heavily wounded.
The worm bites you!
You die...

..#........#.....
.................
.###..<.........
#.†#####.....
##.## .... #.)#
.. ##†# #w#######
#.@.....#
#.......#
#.......#
#.......#
#########


You could see a worm.

Vanquished Creatures
  2 leopard geckos
  2 bats (D:1)
  5 giant cockroaches (D:1)
  A goblin (D:1)
  5 hobgoblins
  4 jackals (D:1)
  2 frilled lizards (D:1)
  2 kobolds (D:1)
  2 rats (D:1)
25 creatures vanquished.

Notes
Turn   | Place    | Note
-------+----------+-------------------------------------------
     0 | D:1      | Hasart the Ghoul Monk began the quest for the Orb.
     0 | D:1      | Reached XP level 1. HP: 19/19 MP: 0/0
   192 | D:1      | Reached XP level 2. HP: 16/26 MP: 1/1
   509 | D:1      | Reached skill level 1 in Armour
   576 | D:1      | Reached XP level 3. HP: 31/31 MP: 2/2
   812 | D:2      | Slain by a worm

Vault maps used:
D:1:      ncdulo_smallfort, minmay_octomino_j4
D:2:      palyth_stone_intersect

Skill      XL: |  1  2 |
---------------+-------+-----
Armour         | 1 |  1.0
Fighting       | |  3.4
Dodging        | |  2.9
Stealth        | |  2.1
Unarmed Combat | |  3.9

Action                   || total
-------------------------++-------
Melee: Unarmed           ||    97
       Punch             ||     2
 Stab: Sleeping          ||     3
  Eat: Chunk             ||     2
Armor: Robe              ||    32
Dodge: Dodged            ||    73

Table legend:
 A = Spawn XP
 B = Non-spawn XP
 C = Spawn XP percentage of total XP
 D = Spawn monster count
 E = Non-spawn monster count
 F = Spawn count percentage of total count
 G = Total turns spent on level
                    A         B        C        D         E        F      G
               +---------+---------+-------+---------+---------+-------+---------
         Total |       0 |      45 |   0.0 |       0 |      25 |   0.0 |   812
               +---------+---------+-------+---------+---------+-------+---------
           D:1 |       0 |      38 |   0.0 |       0 |      22 |   0.0 |   783
           D:2 |       0 |       7 |   0.0 |       0 |       3 |   0.0 |    29
               +---------+---------+-------+---------+---------+-------+---------
